 Dungeon Sprint DCSS version 0.30-a0-465-g8901f6c8b5 (webtiles) character file.

Game seed: 11545417549824971888

64222 holysushi the Ninja (level 15, -11/78 (92) HPs)
             Began as a Kobold Monk on Dec 18, 2022.
             Was the Champion of Dithmenos.
             Killed from afar by Antaeus (20 damage)
             ... with an icy flash freeze
             ... in the Dungeon (Sprint V: "Ziggurat Sprint").
             The game lasted 00:22:06 (3000 turns).

holysushi the Ninja (Kobold Monk)                   Turns: 3000, Time: 00:22:06

HP:   -11/78 (92)   AC:  9    Str: 11    XL:     15   Next: 53%
MP:   20/24         EV: 44    Int: 12    God:    Dithmenos [******]
Gold: 0             SH: 37    Dex: 41    Spells: 14/14 levels left

rFire   + + .      SeeInvis .    a - +9 quick blade (vamp)
rCold   + . .      Faith    .    y - +18 shield of the Gong {rElec rN+ Will+ EV-5}
rNeg    + + +      Spirit   .    M - +3 ring mail of Compression {rF+ Str+3 Dex+4 Slay+3}
rPois   ∞          Reflect  .    (no helmet)
rElec   +          Harm     .    (no cloak)
rCorr   +          Rampage  .    (no gloves)
Will    ∞          NoTele   +    (no boots) Stlth !!!!!!!!!!
                                 I - amulet of the acrobat
HPRegen 0.33/turn                v - +6 ring of dexterity
MPRegen 0.19/turn                w - +6 ring of dexterity

@: shadow-form, resistant, hasted, wreathed by umbra, studying Fighting, heavily
drained, invisible, very quick
A: shadow resist, half damage, bleed smoke, invisible, small, no large weapons,
nightstalker 3, frail 1
a: End Transformation, Renounce Religion, Shadow Step, Shadow Form


You were in the Dungeon.
You worshipped Dithmenos.
Dithmenos was exalted by your worship.
You were a swirling mass of dark shadows.
You visited 1 branch

Inventory:

Hand Weapons
 a - a +9 vampiric quick blade (weapon)
Armour
 b - a +1 robe of fire resistance
 x - a +3 buckler
 y - the +18 shield of the Gong (worn) {rElec rN+ Will+ EV-5}
   (You found it in the Dungeon)

   It is deafeningly noisy when blocking attacks.
   EV:        It affects your evasion (-5).
   rElec:     It insulates you from electricity.
   rN:        It protects you from negative energy.
   Will:      It increases your willpower.
 F - a +0 troll leather armour
 M - the +3 ring mail of Compression (worn) {rF+ Str+3 Dex+4 Slay+3}
   (You found it in the Dungeon)

   Str:       It affects your strength (+3).
   Dex:       It affects your dexterity (+4).
   Slay:      It affects your accuracy & damage with ranged weapons and melee
   (+3).
   rF:        It protects you from fire.
Jewellery
 v - a +6 ring of dexterity (left hand)
 w - a +6 ring of dexterity (right hand)
 B - the necklace of Bloodlust {*Rage Will++ Int-3 Slay+6}
   (You found it in the Dungeon)

   [amulet of nothing]

   It extends the wearer's berserk rage when killing foes.
   Int:       It affects your intelligence (-3).
   Slay:      It affects your accuracy & damage with ranged weapons and melee
   (+6).
   *Rage:     It berserks you when you make melee attacks (+50% chance).
   Will:      It greatly increases your willpower.
 E - an amulet of guardian spirit
 G - a ring of willpower
 I - an amulet of the acrobat (around neck)
 K - a ring of wizardry
Wands
 s - a wand of mindburst (7)
 t - a wand of iceblast (7)
Scrolls
 j - 4 scrolls of amnesia
 k - 7 scrolls of fog
 l - 5 scrolls of identify
 m - a scroll of fear
 H - 2 scrolls of brand weapon
 J - 4 scrolls of enchant armour
Potions
 c - a potion of ambrosia
 d - 8 potions of curing
 e - a potion of heal wounds
 f - 6 potions of haste
 g - 7 potions of magic
 h - 3 potions of berserk rage
 n - 2 potions of brilliance
 o - 2 potions of invisibility
 p - 2 potions of resistance
 r - 5 potions of might
Miscellaneous
 q - a box of beasts (inert)
 z - a phial of floods
 A - a tin of tremorstones (2/2)
 C - a phantom mirror
 D - a lightning rod (4/4)
 L - a condenser vane


   Skills:
 - Level 15.0 Fighting
 - Level 12.0 Short Blades
 * Level 8.4 Armour
 * Level 26.2 Dodging
 O Level 27 Stealth
 - Level 14.3 Shields
 - Level 13.0 Invocations
 + Level 20.6 Evocations


You had 14 spell levels left.
You didn't know any spells.
Your spell library contained the following spells:

 Spells                   Type           Power      Damage    Failure   Level
 Apportation              Tloc           0%         N/A       85%         1
 Beastly Appendage        Tmut           0%         N/A       85%         1
 Kiss of Death            Conj/Necr      0%         2d5       85%         1
 Magic Dart               Conj           0%         1d3       85%         1
 Shock                    Conj/Air       0%         1d3       85%         1
 Slow                     Hex            0%         N/A       85%         1
 Summon Small Mammal      Summ           0%         N/A       85%         1
 Blink                    Tloc           0%         N/A       94%         2
 Call Imp                 Summ           0%         N/A       94%         2
 Cigotuvi's Dreadful Rot  Necr/Pois/Air  0%         N/A       94%         2
 Static Discharge         Conj/Air       0%         2-2/arc   94%         2
 Wereblood                Tmut           0%         N/A       94%         2
 Call Canine Familiar     Summ           0%         N/A       99%         3
 Confusing Touch          Hex            0%         N/A       99%         3
 Dazzling Flash           Conj/Hex       0%         N/A       99%         3
 Gell's Gravitas          Tloc           0%         N/A       99%         3
 Inner Flame              Hex/Fire       0%         N/A       99%         3
 Kindle Blastsparks       Fire/Tloc/Air  0%         2d10      99%         3
 Lesser Beckoning         Tloc           0%         N/A       99%         3
 Mephitic Cloud           Conj/Pois/Air  0%         N/A       99%         3
 Ozocubu's Armour         Ice            0%         N/A       99%         3
 Spider Form              Tmut/Pois      0%         N/A       99%         3
 Summon Guardian Golem    Hex/Summ       0%         N/A       99%         3
 Teleport Other           Tloc           0%         N/A       99%         3
 Vhi's Electric Charge    Tloc/Air       0%         N/A       99%         3
 Anguish                  Hex/Necr       0%         N/A       100%        4
 Animate Dead             Necr           0%         N/A       100%        4
 Cause Fear               Hex            0%         N/A       100%        4
 Dispel Undead            Necr           0%         3d6       100%        4
 Fulminant Prism          Conj/Hex       0%         3d5       100%        4
 Iskenderun's Mystic Bla  Conj/Tloc      0%         2d3       100%        4
 Manifold Assault         Tloc           0%         N/A       100%        4
 Summon Ice Beast         Ice/Summ       0%         N/A       100%        4
 Agony                    Necr           0%         N/A       100%        5
 Arcjolt                  Conj/Air       0%         1d10      100%        5
 Borgnjor's Vile Clutch   Necr/Erth      0%         N/A       100%        5
 Lee's Rapid Deconstruct  Erth           0%         3d4*      100%        5
 Lightning Bolt           Conj/Air       0%         1d11      100%        5
 Silence                  Hex/Air        0%         N/A       100%        5
 Summon Forest            Summ/Tloc      0%         N/A       100%        5
 Summon Mana Viper        Hex/Summ       0%         N/A       100%        5
 Death Channel            Necr           0%         N/A       100%        6
 Eringya's Noxious Bog    Tmut/Pois      0%         N/A       100%        6
 Starburst                Conj/Fire      0%         6d3       100%        6
 Summon Cactus Giant      Summ           0%         N/A       100%        6
 Enfeeble                 Hex            0%         N/A       100%        7
 Monstrous Menagerie      Summ           0%         N/A       100%        7
 Orb of Destruction       Conj           0%         9d5       100%        7
 Ozocubu's Refrigeration  Ice            0%         4d7       100%        7
 Spellforged Servitor     Conj/Summ      0%         N/A       100%        7
 Storm Form               Tmut/Air       0%         N/A       100%        7
 Summon Hydra             Summ           0%         N/A       100%        7
 Discord                  Hex            0%         N/A       100%        8
 Chain Lightning          Conj/Air       0%         N/A       100%        9
 Fire Storm               Conj/Fire      0%         5d1       100%        9
 Shatter                  Erth           0%         3d5*      100%        9


Dungeon Overview and Level Annotations

Branches:
Dungeon (1/1) Zot: 27000

Altars:
Ashenzari
Cheibriados
Dithmenos
Elyvilon
Fedhas
Gozag
Hepliaklqana
Kikubaaqudgha
Makhleb
Nemelex Xobeh
Okawaru
Qazlal
Ru
Sif Muna
Trog
Uskayaw
Vehumet
Wu Jian
Xom
Yredelemnul
Zin
The Shining One
Jiyva
Lugonu

Annotations:
D 1 transporter, Antaeus, Azrael, Dispater, Frances, Gloorx Vloq, Grinder, Mnoleg, Nikola, Tiamat


Innate Abilities, Weirdness & Mutations

You are a swirling mass of dark shadows.
You are immune to unholy torment and to willpower attacks.
Damage taken is halved, but you are drained when taking damage.
Your attacks are insubstantial and do half damage.
You bleed smoke when taking damage.
You are invisible.
You are immune to poison.
Your spellcasting is less reliable in this form.
You are small and have problems with some larger weapons.
You are completely attuned to the shadows.
You are frail. (-10% HP)


Message History

You emit a cloud of dark smoke.
You feel drained. You block Antaeus's attack.
GONNNNG!
Antaeus attacks as you move away! Antaeus completely misses you.
You block Antaeus's attack.
GONNNNG!
The Executioner is no longer encased in ice.
You block the Executioner's attack.
BONNNG!
You block the Executioner's attack.
GONNNNG!
The Executioner completely misses you. The Executioner hits you!
* * * LOW HITPOINT WARNING * * *
You emit a cloud of dark smoke.
You feel drained. You block the Executioner's attack.
PANG!
The Executioner completely misses you. You block the Executioner's attack.
BOUMMMMG!
The Executioner completely misses you. The Executioner misses you.
Nikola mumbles, "Hm, I wonder if you're conductive."
You open the lid... ...and a primal stingfire beast leaps out!
The box is emptied!
You block the Executioner's attack.
GONNNNG!
You block the Executioner's attack.
PANG!
The Executioner completely misses you. You block the Executioner's attack.
GONNNNG!
The Executioner completely misses you. You block the Executioner's attack.
PANG!
You block Tiamat's attack.
GONNNNG!
The Executioner hits you!!
* * * LOW HITPOINT WARNING * * *
You emit a cloud of dark smoke.
You feel drained. You block the Executioner's attack.
GONNNNG!
The Executioner completely misses you. Antaeus gestures at you.
The icy flash freeze hits you!!! You partially resist.
You die...

▓▓▓▓▓▓▓▓▓▓
▓..[.=[†
.X8X8X.)..
▓..)))[|
)}:):|[)}.
▓......†
.)?|X@XRX))).
▓.......
.1...X§&.....
▓.......
..§§1X1§§.§§.
▓.......
..§d§1&§§§∩§.
▓.......
..§§C&1@§.§§.
.......
..§§§W§.§§...
.....
..§§§H§§.....
.....
..§..........
.....
..▓.......▓..
....©
▓▓.....▓▓
▓▓▓▓▓▓▓▓
▓.......▓
▓.....8©
.........
▓.[).).[
....©....
▓..)|.")
▓▓▓▓▓▓▓▓▓
▓......)


You could see Antaeus (fast, agile), Dispater (fast, strong, resistant), Tiamat
(fast, agile, resistant), Gloorx Vloq (strong, agile), Nikola (fast, resistant),
2 Hell Sentinels, 2 tentacled monstrosities, 2 Executioners and a friendly
primal stingfire beast (summoned).

Vanquished Creatures
  Margery (D)
  the Enchantress (D)
  Rupert (D)
  Kirke (D)
  A fire giant (D)
  A stone giant (D)
  A very ugly thing (D)
  An ironbound thunderhulk (D)
  Nessos (D)
  A vampire knight (D)
  A blizzard demon (D)
  Snorg (D)
  2 fire dragons (D)
  11 vault guards (D)
  Harold (D)
  2 ice dragons (D)
  A mummy priest (D)
  A great orb of eyes (D)
  A jorogumo (shapeshifter) (D)
  3 spriggan air magi (D)
  An anaconda (shapeshifter) (D)
  2 two-headed ogres (D)
  Erica (D)
  A death yak (D)
  2 spriggan berserkers (D)
  4 hell hogs (D)
  Sonja (D)
  A skeletal warrior (D)
  A wizard (D)
  A deep elf archer (D)
  An ironbound convoker (D)
  A lindwurm (D)
  2 lindwurms (shapeshifter) (D)
  A necromancer (D)
  2 deep elf pyromancers (D)
  A deep elf zephyrmancer (D)
  A cyclops (D)
  A faun (shapeshifter) (D)
  An oklob plant (D)
  2 shining eyes (D)
  A black mamba (D)
  2 smoke demons (D)
  An elephant (D)
  3 cane toads (D)
  3 freezing wraiths (D)
  3 rime drakes (D)
  4 komodo dragons (D)
  3 efreet (D)
  3 starcursed masses (D)
  3 polar bears (D)
  A troll (D)
  2 slime creatures (D)
  A wind drake (shapeshifter) (D)
  2 hornets (D)
  A blink frog (D)
  Sigmund (D)
  An ushabti (D)
  4 spriggans (D)
  A hog (shapeshifter) (D)
  3 golden eyes (D)
  2 basilisks (D)
  A neqoxec (D)
  2 steam dragons (D)
  6 fire elementals (D)
  A floating eye (shapeshifter) (D)
  A hell hound (D)
  A floating eye (D)
  An ice beast (D)
  4 water moccasins (D)
  A swamp drake (D)
  4 ogres (D)
  7 black bears (D)
  3 wolves (D)
  3 small abominations (D)
  A necrophage (D)
  6 wights (D)
  Crazy Yiuf (D)
  An iron imp (D)
  Jessica (D)
  A shadow imp (D)
  2 white imps (D)
  An ufetubus (D)
  2 adder skeletons (D)
  A bat skeleton (D)
  3 endoplasms (D)
  A ball python simulacrum (D)
  2 giant cockroach zombies (D)
  5 fire vortices (D)
170 creatures vanquished.

Vanquished Creatures (collateral kills)
  A lich (D)
  An acid blob (D)
  A fire giant (D)
  An azure jelly (D)
  A vampire knight (D)
  3 very ugly things (D)
  3 vault guards (D)
  A vampire mage (D)
  2 necromancers (D)
  A harpy (shapeshifter) (D)
  A worldbinder (D)
  A guardian mummy (D)
  4 shadows (D)
  An ushabti (D)
  A redback (shapeshifter) (D)
  A hog (shapeshifter) (D)
  A large abomination (D)
  A swamp worm (shapeshifter) (D)
  A hell hound (D)
  2 starcursed masses (D)
  A quasit (D)
  A jelly (D)
  An ufetubus (D)
  An adder zombie (D)
  An adder simulacrum (D)
  A fire vortex (D)
35 creatures vanquished.

Vanquished Creatures (others)
  Jory (D)
  A smoke demon (D)
  Eustachio (D)
  A water moccasin (D)
4 creatures vanquished.

Grand Total: 209 creatures vanquished

Notes
Turn   | Place    | Note
-------+----------+-------------------------------------------
     0 | D        | holysushi the Kobold Monk began the quest for the Orb.
     0 | D        | Reached XP level 1. HP: 14/14 MP: 1/1
     5 | D        | Found a snail-covered altar of Cheibriados.
     5 | D        | Found a shadowy altar of Dithmenos.
     5 | D        | Found a white marble altar of Elyvilon.
     6 | D        | Found a blossoming altar of Fedhas.
     7 | D        | Found a viscous altar of Jiyva.
     7 | D        | Found a hazy altar of Hepliaklqana.
     7 | D        | Found a transporter.
     7 | D        | Found an opulent altar of Gozag.
    10 | D        | Found an ancient bone altar of Kikubaaqudgha.
    11 | D        | Found the +6 Majin-Bo {vamp, MP+6 Int+6}
    11 | D        | Found the +27 heavy crossbow "Sniper" {vorpal, Acc+∞ SInv}
    11 | D        | Found the +10 dark maul {vorpal}
    11 | D        | Found the +15 Maxwell's patent armour {-Cast -Tele rElec
                  | Will+ rCorr}
    11 | D        | Found the +18 shield of the Gong {rElec rN+ Will+ EV-5}
    11 | D        | Found the +14 obsidian axe {vorpal, Mesm Drain Fly SInv}
    15 | D        | Found a radiant altar of Vehumet.
    18 | D        | Found a hide-covered altar of Uskayaw.
    19 | D        | Found a shimmering blue altar of Sif Muna.
    19 | D        | Found a sacrificial altar of Ru.
    19 | D        | Found a bloodstained altar of Trog.
    19 | D        | Found a stormy altar of Qazlal.
    21 | D        | Found an iron altar of Okawaru.
    30 | D        | Found a glowing golden altar of the Shining One.
    31 | D        | Found a broken altar of Ashenzari.
    46 | D        | Found the +7 great mace "Firestarter" {inner flame, rF++}
    46 | D        | Found the +6 shillelagh "Devastator" {shatter}
    46 | D        | Found the +11 plutonium sword {Contam Stlth-}
    46 | D        | Found the +8 lance "Wyrmbane" {slay drac, rPois rF+ rC+
                  | AC+3}
    46 | D        | Found the +9 sword of Zonguldrok {reap}
    46 | D        | Found the +13 scythe of Curses {drain, Drain}
    46 | D        | Found the +5 sword of Power {vorpal}
    46 | D        | Found the +7 mace of Variability {chain chaos}
    46 | D        | Found the +7 Singing Sword {vorpal, sonic wave}
    46 | D        | Found the +8 storm bow {elec, penet}
    47 | D        | Found a corrupted altar of Lugonu.
    48 | D        | Found a burning altar of Makhleb.
    49 | D        | Found a sparkling altar of Nemelex Xobeh.
    63 | D        | Became a worshipper of Dithmenos the Shadowed
    63 | D        | Reached * piety under Dithmenos
    63 | D        | Reached ** piety under Dithmenos
    66 | D        | Reached XP level 2. HP: 19/19 MP: 2/2
    80 | D        | Entered arena 2.
    80 | D        | Noticed a fire elemental
    81 | D        | Found a transporter.
    83 | D        | Killed a fire elemental
    84 | D        | Reached skill level 5 in Fighting
    84 | D        | Reached skill level 10 in Dodging
    84 | D        | Reached skill level 6 in Stealth
    84 | D        | Reached XP level 3. HP: 26/26 MP: 3/3
    84 | D        | Reached XP level 4. HP: 31/31 MP: 4/4
    84 | D        | Reached XP level 5. HP: 36/36 MP: 5/5
    92 | D        | Entered arena 3.
    93 | D        | Noticed a smoke demon
    94 | D        | Found a transporter.
    97 | D        | Killed a smoke demon
    98 | D        | Reached skill level 9 in Stealth
    98 | D        | Reached XP level 6. HP: 44/44 MP: 6/6
    98 | D        | Reached XP level 7. HP: 48/48 MP: 7/7
    99 | D        | Reached *** piety under Dithmenos
   102 | D        | Entered arena 4.
   104 | D        | Found a transporter.
   109 | D        | Reached skill level 10 in Stealth
   110 | D        | Reached **** piety under Dithmenos
   124 | D        | Entered arena 5.
   124 | D        | Noticed a rime drake
   125 | D        | Noticed a steam dragon
   125 | D        | Noticed a steam dragon
   126 | D        | Found a transporter.
   128 | D        | Killed a rime drake
   129 | D        | Reached skill level 11 in Stealth
   129 | D        | Reached XP level 8. HP: 56/56 MP: 8/8
   142 | D        | Reached skill level 15 in Dodging
   146 | D        | Reached skill level 12 in Stealth
   156 | D        | Entered arena 6.
   156 | D        | Noticed a deep elf zephyrmancer
   156 | D        | Noticed a deep elf archer
   157 | D        | Noticed a deep elf pyromancer
   157 | D        | Noticed a deep elf pyromancer
   157 | D        | Noticed a fire elemental
   158 | D        | Found a transporter.
   175 | D        | Killed a deep elf pyromancer
   175 | D        | Reached ***** piety under Dithmenos
   176 | D        | Reached skill level 10 in Fighting
   176 | D        | Reached XP level 9. HP: 62/62 MP: 9/9
   187 | D        | Killed a deep elf archer
   188 | D        | Reached skill level 13 in Stealth
   191 | D        | Killed a deep elf zephyrmancer
   192 | D        | Reached skill level 5 in Evocations
   210 | D        | Killed a deep elf pyromancer
   211 | D        | Reached skill level 14 in Stealth
   211 | D        | Reached XP level 10. HP: 21/71 MP: 10/10
   377 | D        | Got Sif Muna's Encyclopedia of Ruinous Execration
   528 | D        | Entered arena 7.
   532 | D        | Found a transporter.
   540 | D        | Reached skill level 1 in Invocations
   570 | D        | Reached ****** piety under Dithmenos
   575 | D        | Reached skill level 15 in Stealth
   580 | D        | Got Imett's Precepts of Curses and Confrontation
   614 | D        | Entered arena 8.
   616 | D        | Noticed a mummy priest
   618 | D        | Found a transporter.
   620 | D        | Killed a mummy priest
   621 | D        | Reached skill level 5 in Invocations
   888 | D        | Got the Compendium of the Flamy Entourage
   897 | D        | Entered arena 9.
   902 | D        | Noticed a spriggan rider
   903 | D        | Noticed a spriggan rider
   904 | D        | Found a transporter.
   907 | D        | Killed a spriggan rider
   908 | D        | Reached skill level 16 in Stealth
   908 | D        | Reached XP level 11. HP: 73/76 MP: 6/16
   912 | D        | Killed a spriggan rider
   918 | D        | Got the ring "Suonexoc" {rElec Str+3 Dex-5 Slay+4}
   990 | D        | Entered arena 10.
   992 | D        | Noticed a two-headed ogre
   992 | D        | Noticed a cyclops
   993 | D        | Noticed a two-headed ogre
   994 | D        | Found a transporter.
   996 | D        | Killed a cyclops
   997 | D        | Reached skill level 17 in Stealth
   997 | D        | Reached skill level 10 in Invocations
   998 | D        | Killed a two-headed ogre
  1001 | D        | Killed a two-headed ogre
  1002 | D        | Reached skill level 18 in Stealth
  1019 | D        | Got the ring of Sunlight {rF+ rCorr MP+9 Str+3 Int-3 Dex+4}
  1062 | D        | Got the ring "Uzeelas" {Fire Int+4}
  1111 | D        | Entered arena 11.
  1113 | D        | Noticed an ironbound thunderhulk
  1113 | D        | Noticed a vault guard
  1113 | D        | Noticed a wizard
  1113 | D        | Noticed a lindwurm
  1114 | D        | Noticed a vault guard
  1114 | D        | Noticed a vault guard
  1114 | D        | Noticed a vault guard
  1114 | D        | Noticed an ironbound convoker
  1114 | D        | Noticed a vault guard
  1115 | D        | Found a transporter.
  1118 | D        | Killed a wizard
  1119 | D        | Reached skill level 1 in Shields
  1127 | D        | Killed a lindwurm
  1128 | D        | Killed an ironbound thunderhulk
  1129 | D        | Reached skill level 19 in Stealth
  1135 | D        | Killed a vault guard
  1136 | D        | Reached XP level 12. HP: 15/81 MP: 14/21
  1146 | D        | Reached skill level 20 in Stealth
  1146 | D        | Reached skill level 5 in Shields
  1157 | D        | Killed a vault guard
  1158 | D        | Reached skill level 21 in Stealth
  1158 | D        | Killed a vault guard
  1166 | D        | Killed a vault guard
  1167 | D        | Reached skill level 22 in Stealth
  1169 | D        | Killed a vault guard
  1323 | D        | Got the Codex of the Unified Summer
  1328 | D        | Got Pag Jeil's Compendium of the Meteoric Compass
  1337 | D        | Entered arena 12.
  1341 | D        | Noticed a vault guard
  1341 | D        | Noticed a vault guard
  1341 | D        | Noticed a vault guard
  1341 | D        | Noticed a vault guard
  1341 | D        | Noticed a stone giant
  1342 | D        | Noticed a vault guard
  1342 | D        | Noticed a vault guard
  1342 | D        | Noticed a vault guard
  1342 | D        | Noticed a vault guard
  1342 | D        | Noticed a vault guard
  1343 | D        | Found a transporter.
  1345 | D        | Killed a vault guard
  1346 | D        | Killed a vault guard
  1347 | D        | Killed a vault guard
  1348 | D        | Reached skill level 10 in Short Blades
  1349 | D        | Killed a vault guard
  1350 | D        | Killed a vault guard
  1351 | D        | Killed a vault guard
  1352 | D        | Killed a vault guard
  1354 | D        | Killed a vault guard
  1355 | D        | Reached skill level 23 in Stealth
  1355 | D        | Reached XP level 13. HP: 87/87 MP: 14/22
  1356 | D        | Killed a vault guard
  1357 | D        | Killed a stone giant
  1416 | D        | Entered arena 13.
  1419 | D        | Noticed an ice dragon
  1419 | D        | Noticed an ice dragon
  1420 | D        | Noticed a blizzard demon
  1421 | D        | Found a transporter.
  1425 | D        | Killed an ice dragon
  1440 | D        | Killed an ice dragon
  1464 | D        | Killed a blizzard demon
  1696 | D        | Entered arena 14.
  1700 | D        | Noticed a starcursed mass
  1702 | D        | Found a transporter.
  1709 | D        | Reached skill level 10 in Evocations
  1721 | D        | Reached skill level 24 in Stealth
  1735 | D        | Paralysed by accursed screaming for 2 turns
  1889 | D        | Got the ring "Lebb" {Ice Str+3 Dex+2}
  1901 | D        | Entered arena 15.
  1905 | D        | Noticed a spriggan air mage
  1907 | D        | Found a transporter.
  1909 | D        | Killed a spriggan air mage
  1919 | D        | Reached skill level 25 in Stealth
  1996 | D        | Entered arena 16.
  2000 | D        | Noticed an azure jelly
  2001 | D        | Noticed a great orb of eyes
  2001 | D        | Noticed an acid blob
  2001 | D        | Found the necklace of Bloodlust {*Rage Will++ Int-3 Slay+6}
  2002 | D        | Found a transporter.
  2009 | D        | Killed a great orb of eyes
  2028 | D        | Killed an azure jelly
  2035 | D        | Killed an acid blob
  2036 | D        | Reached skill level 26 in Stealth
  2036 | D        | Reached XP level 14. HP: 57/96 MP: 18/23
  2193 | D        | Entered arena 17.
  2201 | D        | Found a transporter.
  2204 | D        | Reached skill level 10 in Shields
  2271 | D        | Reached skill level 15 in Evocations
  2293 | D        | Reached skill level 27 in Stealth
  2342 | D        | Entered arena 18.
  2349 | D        | Noticed a green very ugly thing
  2349 | D        | Noticed a white very ugly thing
  2350 | D        | Noticed a brown very ugly thing
  2350 | D        | Noticed a cyan very ugly thing
  2350 | D        | Found the +5 glaive of the Guard {elec, spectral, AC+5}
  2351 | D        | Found a transporter.
  2358 | D        | Killed a white very ugly thing
  2363 | D        | Gained mutation: You are frail. (-10% HP) [a shining eye]
  2371 | D        | Killed a green very ugly thing
  2375 | D        | Killed a cyan very ugly thing
  2387 | D        | Killed a brown very ugly thing
  2455 | D        | Entered arena 19.
  2461 | D        | Noticed a vampire knight
  2461 | D        | Noticed a vampire knight
  2462 | D        | Noticed a lich
  2463 | D        | Found a transporter.
  2478 | D        | Reached skill level 15 in Fighting
  2496 | D        | Killed a vampire knight
  2499 | D        | Killed a lich
  2517 | D        | Killed a vampire knight
  2752 | D        | Got the +3 ring mail of Compression {rF+ Str+3 Dex+4
                  | Slay+3}
  2777 | D        | Entered arena 20.
  2786 | D        | Noticed a fire giant
  2787 | D        | Noticed a fire giant
  2788 | D        | Found a transporter.
  2791 | D        | Reached skill level 1 in Armour
  2791 | D        | Killed a fire giant
  2792 | D        | Reached XP level 15. HP: 92/92 MP: 16/24
  2828 | D        | Reached skill level 5 in Armour
  2835 | D        | Killed a fire giant
  2968 | D        | Entered arena 21.
  2975 | D        | Noticed Harold
  2975 | D        | Noticed Nessos
  2975 | D        | Noticed Sigmund
  2976 | D        | Noticed Erica
  2976 | D        | Noticed Jory
  2976 | D        | Noticed Mnoleg
  2976 | D        | Noticed Snorg
  2976 | D        | Noticed Azrael
  2976 | D        | Noticed Jessica
  2976 | D        | Noticed Eustachio
  2976 | D        | Found the +4 moon troll leather armour {Spirit, Regen++
                  | MP+5}
  2977 | D        | Noticed Rupert
  2977 | D        | Noticed Kirke
  2977 | D        | Found the +4 staff of Dispater
  2977 | D        | Noticed Dispater
  2977 | D        | Noticed Nikola
  2977 | D        | Noticed Sonja
  2977 | D        | Noticed Margery
  2977 | D        | Noticed Crazy Yiuf
  2978 | D        | Found a transporter.
  2979 | D        | Killed Sigmund
  2980 | D        | Found the +4 dragonskin cloak
  2980 | D        | Noticed Tiamat
  2980 | D        | Noticed the Enchantress
  2982 | D        | Killed Nessos
  2984 | D        | Noticed Gloorx Vloq
  2984 | D        | Killed Jessica
  2985 | D        | Noticed an Executioner
  2985 | D        | Noticed a Hell Sentinel
  2985 | D        | Killed Crazy Yiuf
  2986 | D        | Noticed an Executioner
  2986 | D        | Noticed an Executioner
  2986 | D        | Noticed an Executioner
  2986 | D        | Killed Sonja
  2987 | D        | Noticed a Hell Sentinel
  2987 | D        | Killed Harold
  2988 | D        | Identified the +8 spear "Ficaung" {drain, rPois rC+ Str+4}
  2988 | D        | Noticed Frances
  2988 | D        | Killed Kirke
  2988 | D        | Noticed Antaeus
  2990 | D        | Killed Erica
  2990 | D        | Killed Rupert
  2991 | D        | Noticed Grinder
  2992 | D        | Killed Snorg
  2992 | D        | Killed the Enchantress
  2992 | D        | Killed Margery
  2992 | D        | Killed Eustachio
  2993 | D        | Noticed an Executioner
  2993 | D        | Noticed an Executioner
  2993 | D        | Noticed an Executioner
  2993 | D        | Noticed an Executioner
  2993 | D        | Killed Jory
  2995 | D        | Noticed a tentacled monstrosity
  2995 | D        | Noticed a tentacled monstrosity
  3000 | D        | Killed from afar by Antaeus

Illustrated notes

Levels and vault maps discovered:
D:        sprint_v [room_start, room_1, room_2, room_3, room_4, room_5, room_6,
          room_7, room_8, room_9, room_10, room_11, room_12, room_13, room_14,
          room_15, room_16, room_17, room_18, room_19, room_20, room_21,
          room_22, room_23, room_24, room_25, room_26, room_27]

Skill      XL: |  1  2  3  4  5  6  7  8  9 10 11 12 13 14 15 |
---------------+----------------------------------------------+-----
Short Blades   | 8 11 12 | 12.0
Dodging        | 7 10 13 14 16 17 20 21 22 24 26 | 26.2
Fighting       | 5 7 9 10 11 12 14 15 | 15.0
Stealth        | 6 9 11 12 14 16 19 23 26 27 | 27.0
Evocations     | 3 6 8 14 19 20 | 20.6
Invocations    | 7 13 | 13.0
Shields        | 4 6 9 14 | 14.3
Armour         | 2 8 |  8.4

Action                   |  1- 3 |  4- 6 |  7- 9 | 10-12 | 13-15 || total
-------------------------+-------+-------+-------+-------+-------++-------
Melee: Quick blade       |     1 |     2 |    64 |   109 |   327 ||   503
Invok: Shadow Form       |       |       |       |     4 |    12 ||    16
Evoke: Box of beasts     |       |       |     2 |     3 |    16 ||    21
       Phial of floods   |       |       |     1 |     1 |     2 ||     4
       Wand              |       |       |       |     3 |     4 ||     7
       Phantom mirror    |       |       |       |     2 |    14 ||    16
       Tin of tremorston |       |       |       |       |     2 ||     2
       Condenser vane    |       |       |       |       |     1 ||     1
  Use: Potion            |     1 |       |     3 |     3 |    15 ||    22
       Scroll            |       |       |     1 |     3 |     7 ||    11
 Stab: Sleeping          |     1 |     2 |     7 |    23 |    48 ||    81
       Confused          |       |       |     2 |       |       ||     2
       Invisible         |       |       |       |    15 |    55 ||    70
       Distracted        |       |       |       |     1 |    10 ||    11
Armor: Robe              |       |       |     5 |     6 |     3 ||    14
       Ring mail         |       |       |       |       |     4 ||     4
Dodge: Dodged            |       |       |    33 |   126 |   346 ||   505
Block: Buckler           |       |       |    11 |     1 |       ||    12
       Kite shield       |       |       |       |   150 |   572 ||   722

Table legend: (Time is in decaauts)
 A = Elapsed time spent in this place.
 B = Non-inter-level travel time spent in this place.
 C = Inter-level travel time spent in this place.
 D = Time resting spent in this place.
 E = Time spent auto-exploring this place.
 F = Levels seen in this place.
 G = Mean time per level.
                   A        B        C        D        E       F      G
               +--------+--------+--------+--------+--------+-----+--------+
         Total |   2707 |   2707 |      0 |   1274 |    213 |   1 | 2707.0 |
       Dungeon |   2707 |   2707 |      0 |   1274 |    213 |   1 | 2707.0 |
               +--------+--------+--------+--------+--------+-----+--------+

Top non-repeatable levels by time:
       D: 2707 daAuts
